 Dungeon Crawl Stone Soup version 0.27-a0-1513-g2aaa0cc67b (webtiles) character file.

Game seed: 5591777133294542000

623006 Sobieck the Wrestler (level 27, -6/106 HPs)
             Began as a Vine Stalker Berserker on July 8, 2021.
             Was a High Priest of Trog.
             Killed from afar by an orb of fire (8 damage)
             ... with a bolt of fire
             ... on level 5 of the Realm of Zot on July 9, 2021.
             The game lasted 03:12:56 (63675 turns).

Sobieck the Wrestler (Vine Stalker Berserker)      Turns: 63675, Time: 03:12:57

Health: -6/106     AC: 44    Str: 35    XL:     27
Magic:  0/33       EV: 15    Int:  5    God:    Trog [*****.]
Gold:   4491       SH: 27    Dex: 22    Spells: 26/26 levels left

rFire    + . .     SeeInvis +     - Unarmed
rCold    + + .     Faith    .   i - +0 tower shield
rNeg     . . .     Spirit   +   k - +12 gold dragon scales {rare}
rPois    +         Reflect  .   v - +3 crown of Dyrovepreva {rElec Int+2 SInv}
rElec    +         Harm     .   d - +0 cloak of the Hall of Blades {Str+5}
rCorr    .         Rampage  .   u - +2 pair of gloves {Str+3}
Will     +++++     Rnd*Tele +   Q - +1 pair of boots {Stlth+}
Stlth    ..........             R - amulet "Pafeoleh" {RegenMP Will+ Int-2 Dex+2 Slay+2}
HPRegen  2.27/turn              E - +4 ring of slaying
MPRegen  0.48/turn              H - ring of Xesusuhe {Fly rC+ MP+9 AC+4}

@: silenced (expiring), strong-willed, on berserk cooldown, flying,
regenerating, slowed, studying 2 skills, very slow
A: fangs 3, regeneration 1, magic shield, antimagic bite, no potion heal 2,
deformed body, deterioration 1, dopey 1, frail 3, teleportitis 1
}: 3/15 runes: decaying, serpentine, silver
a: Renounce Religion


You were on level 5 of the Realm of Zot.
You worshipped Trog.
Trog was extremely pleased with you.
You visited 9 branches of the dungeon, and saw 49 of its levels.
You also visited: Bailey and Gauntlet.

You collected 7997 gold pieces.
You spent 3506 gold pieces at shops.


Innate Abilities, Weirdness & Mutations

You have razor-sharp teeth.
Your natural rate of healing is unusually fast.
When hurt, damage is shared between your health and your magic reserves.
Your bite disrupts and absorbs the magic of your enemies.
Potions cannot restore your health.
Armour fits poorly on your strangely shaped body.
Your body sometimes deteriorates upon taking damage.
You are dopey. (Int -2)
You are extremely frail. (-30% HP)
You are occasionally teleported next to monsters.


   Skills:
 + Level 18.3 Fighting
 + Level 19.3 Armour
 - Level 12.0 Dodging
 - Level 12.0 Stealth
 + Level 22.7 Shields
 * Level 25.5 Unarmed Combat
 - Level 8.0 Evocations


You had 26 spell levels left.
You didn't know any spells.
Your spell library contained the following spells:

 Spells                   Type           Power      Damage    Failure   Level
 Animate Skeleton         Necr           0%         N/A       99%         1
 Apportation              Tloc           0%         N/A       99%         1
 Beastly Appendage        Tmut           0%         N/A       99%         1
 Corona                   Hex            0%         N/A       99%         1
 Foxfire                  Conj/Fire      0%         2x1d4     99%         1
 Magic Dart               Conj           0%         1d3       99%         1
 Pain                     Necr           0%         1d4       99%         1
 Sandblast                Erth           0%         2d4       99%         1
 Shock                    Conj/Air       0%         1d3       99%         1
 Summon Small Mammal      Summ           0%         N/A       99%         1
 Call Imp                 Summ           0%         N/A       100%        2
 Corpse Rot               Necr/Air       N/A        N/A       100%        2
 Ensorcelled Hibernation  Hex/Ice        0%         N/A       100%        2
 Passwall                 Tmut/Erth      0%         N/A       100%        2
 Poisonous Vapours        Pois/Air       0%         N/A       100%        2
 Slow                     Hex            0%         N/A       100%        2
 Static Discharge         Conj/Air       0%         N/A       100%        2
 Sublimation of Blood     Necr           0%         N/A       100%        2
 Wereblood                Tmut           0%         N/A       100%        2
 Call Canine Familiar     Summ           0%         N/A       100%        3
 Confusing Touch          Hex            0%         N/A       100%        3
 Conjure Flame            Conj/Fire      0%         6-21      100%        3
 Dazzling Flash           Conj/Hex       0%         N/A       100%        3
 Ignite Poison            Fire/Tmut/Pois 0%         N/A       100%        3
 Inner Flame              Hex/Fire       0%         N/A       100%        3
 Mephitic Cloud           Conj/Pois/Air  0%         N/A       100%        3
 Portal Projectile        Hex/Tloc       0%         N/A       100%        3
 Spider Form              Tmut/Pois      0%         N/A       100%        3
 Stone Arrow              Conj/Erth      0%         3d7       100%        3
 Summon Guardian Golem    Hex/Summ       0%         N/A       100%        3
 Swiftness                Air            0%         N/A       100%        3
 Tukima's Dance           Hex            0%         N/A       100%        3
 Vampiric Draining        Necr           0%         2d6       100%        3
 Airstrike                Air            0%         N/A       100%        4
 Animate Armour           Summ/Erth      0%         N/A       100%        4
 Cause Fear               Hex            0%         N/A       100%        4
 Dispel Undead            Necr           0%         3d6       100%        4
 Fulminant Prism          Conj/Hex       0%         3d6       100%        4
 Hailstorm                Conj/Ice       0%         3d3       100%        4
 Ice Form                 Ice/Tmut       0%         N/A       100%        4
 Iskenderun's Mystic Bla  Conj/Tloc      0%         2d3       100%        4
 Leda's Liquefaction      Hex/Erth       0%         N/A       100%        4
 Olgreb's Toxic Radiance  Pois           0%         N/A       100%        4
 Sticky Flame             Conj/Fire      0%         2d3       100%        4
 Summon Lightning Spire   Summ/Air       0%         N/A       100%        4
 Agony                    Necr           0%         N/A       100%        5
 Alistair's Intoxication  Tmut/Pois      0%         N/A       100%        5
 Blade Hands              Tmut           0%         N/A       100%        5
 Bolt of Magma            Conj/Fire/Erth 0%         4d4       100%        5
 Borgnjor's Vile Clutch   Necr/Erth      0%         N/A       100%        5
 Fireball                 Conj/Fire      0%         3d3       100%        5
 Freezing Cloud           Conj/Ice/Air   0%         6-21      100%        5
 Iskenderun's Battlesphe  Conj           0%         2d6       100%        5
 Lee's Rapid Deconstruct  Erth           0%         3d5*      100%        5
 Lightning Bolt           Conj/Air       0%         1d11      100%        5
 Silence                  Hex/Air        0%         N/A       100%        5
 Summon Forest            Summ/Tloc      0%         N/A       100%        5
 Summon Mana Viper        Hex/Summ       0%         N/A       100%        5
 Yara's Violent Unravell  Hex/Tmut       0%         3d3       100%        5
 Conjure Ball Lightning   Conj/Air       0%         3x3d6     100%        6
 Dispersal                Tloc           0%         N/A       100%        6
 Eringya's Noxious Bog    Tmut/Pois      0%         N/A       100%        6
 Invisibility             Hex            0%         N/A       100%        6
 Iron Shot                Conj/Erth      0%         9d1       100%        6
 Shadow Creatures         Summ           N/A        N/A       100%        6
 Simulacrum               Ice/Necr       0%         N/A       100%        6
 Statue Form              Tmut/Erth      0%         N/A       100%        6
 Dragon Form              Tmut           0%         N/A       100%        7
 Orb of Destruction       Conj           0%         N/A       100%        7
 Ozocubu's Refrigeration  Ice            0%         4d5       100%        7
 Spellforged Servitor     Conj/Summ      0%         N/A       100%        7
 Storm Form               Tmut/Air       0%         N/A       100%        7
 Summon Hydra             Summ           0%         N/A       100%        7
 Discord                  Hex            0%         N/A       100%        8
 Disjunction              Tloc           0%         N/A       100%        8
 Ignition                 Fire           0%         3d3       100%        8
 Maxwell's Capacitive Co  Air            0%         ∞         100%        8
 Necromutation            Tmut/Necr      0%         N/A       100%        8
 Shatter                  Erth           0%         3d5*      100%        9

Inventory:

Hand Weapons
 I - the +9 dagger of Sudden Death {vorpal, rCorr Str+4, short}
   (Trog gifted it to you on level 3 of the Realm of Zot)

   It inflicts extra damage upon your enemies.
   Str:       It affects your strength (+4).
   rCorr:     It protects you from acid and corrosion.
 P - the +0 hand crossbow "Xuymef" {elec, rCorr Str-4 Dex+7 Stlth+, crossbow}
   (You bought it in a shop on level 2 of the Dungeon)

   It charges the ammunition it shoots with electricity; occasionally upon a
   hit, such missiles may discharge and cause terrible harm.
   Str:       It affects your strength (-4).
   Dex:       It affects your dexterity (+7).
   rCorr:     It protects you from acid and corrosion.
   Stlth:     It makes you more stealthy.
Missiles
 a - 16 silver javelins (quivered) {throwing}
 j - 7 silver boomerangs {throwing}
 q - 6 boomerangs of dispersal {=f!fthrowing}
 B - 1363 bolts
 D - 3 throwing nets {=f!fthrowing}
 G - 58 boomerangs {throwing}
 N - 11 javelins {throwing}
Armour
 d - the +0 cloak of the Hall of Blades (worn) {Str+5}
   (You found it in a Gauntlet)

   Str:       It affects your strength (+5).
 i - a +0 tower shield (worn)
   (You found it on level 3 of the Dungeon)
 k - +12 gold dragon scales (worn) {rare}
   (You found it in a bailey)
 u - a +2 pair of gloves of strength (worn)
   (You found it on level 2 of the Swamp)
 v - the +3 crown of Dyrovepreva (worn) {rElec Int+2 SInv}
   (You found it on level 3 of the Depths)

   Int:       It affects your intelligence (+2).
   rElec:     It insulates you from electricity.
   SInv:      It lets you see invisible.
 Q - a +1 pair of boots of stealth (worn)
   (You bought it in a shop on level 10 of the Dungeon)
Jewellery
 b - a ring of positive energy
   (You found it on level 2 of the Realm of Zot)
 o - the ring of Polytheism {Wiz rC+ rN+ Int+3 Dex-5}
   (You found it on level 8 of the Dungeon)

   [ring of wizardry]

   It improves your spell success rate.
   Int:       It affects your intelligence (+3).
   Dex:       It affects your dexterity (-5).
   rC:        It protects you from cold.
   rN:        It protects you from negative energy.
 x - the ring of Thoughtfulness {rPois rF+ rCorr Int-4 Stlth+}
   (You took it off a frost giant on level 2 of the Depths)

   [ring of protection from fire]

   Int:       It affects your intelligence (-4).
   rF:        It protects you from fire.
   rPois:     It protects you from poison.
   rCorr:     It protects you from acid and corrosion.
   Stlth:     It makes you more stealthy.
 E - a +4 ring of slaying (left hand)
   (You found it on level 8 of the Dungeon)
 H - the ring of Xesusuhe (right hand) {Fly rC+ MP+9 AC+4}
   (You bought it in a shop on level 1 of the Elven Halls)

   [ring of protection]

   AC:        It affects your AC (+4).
   rC:        It protects you from cold.
   MP:        It affects your magic capacity (+9).
   Fly:       It grants you flight.
 R - the amulet "Pafeoleh" (around neck) {RegenMP Will+ Int-2 Dex+2 Slay+2}
   (You bought it in a shop on level 1 of the Elven Halls)

   [amulet of magic regeneration]

   It increases your rate of magic regeneration.
   Int:       It affects your intelligence (-2).
   Dex:       It affects your dexterity (+2).
   Slay:      It affects your accuracy & damage with ranged weapons and melee
   (+2).
   Will:      It increases your willpower.
Wands
 h - a wand of iceblast (33)
   (You found it on level 2 of the Depths)
 p - a wand of acid (57)
   (You found it on level 11 of the Dungeon)
 r - a wand of digging (15)
   (You found it on level 5 of the Dungeon)
 O - a wand of mindburst (33)
   (You found it on level 2 of the Lair of Beasts)
Scrolls
 e - 21 scrolls of teleportation {@r4}
 f - 6 scrolls of magic mapping {!r}
 l - 2 scrolls of silence {!r}
 n - 2 scrolls of blinking {!r}
 A - 3 scrolls of fear
 K - 3 scrolls of holy word
 L - 9 scrolls of vulnerability {!r!r}
 M - 4 scrolls of fog
 W - 4 scrolls of immolation {!r!r}
 Z - 31 scrolls of identify {@r1}
Potions
 c - 26 potions of curing {@q1}
 m - 11 potions of might
 t - 4 potions of cancellation
 w - 7 potions of invisibility
 z - 6 potions of haste {@q3}
 F - a potion of magic
 J - 5 potions of lignification {!q}
 S - 5 potions of resistance
 V - 7 potions of mutation {!q}
 X - a potion of ambrosia {unknown}
Miscellaneous
 g - a phial of floods
   (You found it on level 3 of the Snake Pit)
 s - a box of beasts
   (You found it on level 4 of the Lair of Beasts)
 y - a lightning rod (4/4)
   (You found it on level 1 of the Realm of Zot)
 C - a tin of tremorstones (2/2) {throwing}
   (You found it on level 8 of the Dungeon)
 T - a piece from Xom's chessboard (15/15)
   (You found it on level 3 of the Elven Halls)
 U - a phantom mirror
   (You found it on level 3 of the Lair of Beasts)

Dungeon Overview and Level Annotations

Branches:
Dungeon (15/15)            Temple (0/1) D:5            Lair (6/6) D:8
  Swamp (4/4) Lair:4        Snake (4/4) Lair:4        Slime (0/5) Lair:5
    Orc (2/2) D:9             Elf (3/3) Orc:2        Vaults (5/5) D:13
  Crypt (0/3) Vaults:2     Depths (5/5) D:15            Zot (5/5) Depths:5
 Bailey (visited)         Gauntlet (visited)

Altars:
Ashenzari
Elyvilon
Gozag
Hepliaklqana
Kikubaaqudgha
Okawaru
Ru
Trog
Uskayaw
Vehumet
Wu Jian
Xom
The Shining One
Beogh
Jiyva

Shops:
D:1 [   D:2 (   D:3 :   D:4 =   D:6 [**   D:8 (   D:10 [   Orc:2 [(([(
Elf:1 :([=   Elf:2 *   Elf:3 ([[(   Snake:2 :**   Vaults:1 [   Vaults:3 ?
Vaults:4 [   Vaults:5 [   Depths:2 [   Depths:3 ?

Portals:
Hell: Depths:1 Depths:2 Depths:3 Depths:4 Depths:5
Abyss: Depths:1 Depths:4
Pandemonium: Depths:3 Depths:5
Ziggurat: Depths:4
Trove: D:11 (show slimy rune of Zot)

Annotations:
Elf:2 2 runed translucent doors
Vaults:4 exclusion: downstairs
Zot:1 exclusion: downstairs
Zot:2 2 transporters, bilbop's ghost, master KoSu
Zot:3 exclusion: downstairs
Zot:4 1 transporter

****** ########.######## ** #####
#...# ##.#
#...####..§###..##############
####..§..#.......................
..........§........[..........X..
......*.......................X*.
...............##.....#####...###
###...p.§.§..§..##.....## #...# #
#.#.....#§.X§.@##.....###...###
#....).#.##.....##.......#...##
##.....#.####.....##......#...#.
##.....#.## ###.....##⌠....#...#.
#.....#.#####.....§..........###.
................*................
.......).........................
....#....######...#......###.....
.#####...# ######.....###.....


You could see an orb of fire and an Orb Guardian.


Message History

The Killer Klown barely misses your troll.
You pulverise the Killer Klown!!!
Your bite misses the Killer Klown.
You hear a deafening roar!
The orb of fire glows red.
The bolt of fire hits you!! You resist. 😕 HP[-16] MP[-3]
You take 16 damage, and now have 165/181 hp.
You lost 3 mp, and now have 30/33 mp.
You miss the Killer Klown. Your bite misses the Killer Klown.
Your troll misses the Killer Klown. x2; Your troll claws the Killer Klown!
The Killer Klown pies you viciously! The klown pie hits you!!!
Blueberry!
An unnatural silence engulfs you. 😮 HP[-31] MP[-6]
You take 31 damage, and now have 134/181 hp.
You lost 6 mp, and now have 24/33 mp.
A golden dragon comes into view.
The orb of fire glows red.
Strange energies course through your body.
Your body twists and deforms.
Your troll closely misses the Killer Klown.
Your troll misses the Killer Klown.
Your troll closely misses the Killer Klown. 😮 HP[+1] MP[+1]
You feel a strong urge to attack something.
An orb of fire comes into view.
You are no longer berserk.
You are exhausted.
You feel yourself slow down.
The orb of fire emits a lurid red light.
The fireball explodes!
The fireball engulfs you but does no damage.
Your troll bites the Killer Klown.
Your troll closely misses the Killer Klown.
Your troll misses the Killer Klown.
The orb of fire glows bright magenta.
The fireball explodes!
The fireball engulfs you!! You resist.
The Killer Klown defenestrates your troll with a +9 club!
Your troll bites the Killer Klown!!
Your troll claws the Killer Klown but does no damage.
Your troll misses the Killer Klown.
The Killer Klown pounds your troll with a +9 club!!
The orb of fire glows red.
The fireball explodes!
The fireball engulfs you!! You resist.
* * * LOW HITPOINT WARNING * * *
The fireball engulfs the orb of fire.
The orb of fire completely resists.
Your troll barely misses the Killer Klown.
Your troll misses the Killer Klown.
Your troll closely misses the Killer Klown.
You hit the orb of fire but do no damage.
Your bite misses the orb of fire.
The Killer Klown headlocks your troll with a +9 club!!
Your troll dies!
Your troll's corpse disappears in a puff of smoke!
The orb of fire glows deep purple.
The fireball explodes!
The fireball engulfs you!! You resist.
* * * LOW HITPOINT WARNING * * *
The fireball engulfs the orb of fire.
The orb of fire completely resists.
The golden dragon breathes fire at you.
The bolt of fire hits the orb of fire.
The orb of fire completely resists.
The bolt of fire hits you! You resist.
* * * LOW HITPOINT WARNING * * *
The orb of fire glows yellow.
Strange energies course through your body.
You feel weirdly uncertain.
Unknown command. 😱 HP[-130] MP[-24]
You now have 121 max hp (-60).
You take 130 damage, and now have 5/121 hp.
MASSIVE DAMAGE!! (PAUSE)
You lost 24 mp, and now have 1/33 mp.
Magic scrolls do not work when you're silenced!
Magic scrolls do not work when you're silenced!
Unknown command.
The orb of fire glows bright magenta.
Strange energies course through your body.
You feel frail.
The orb of fire emits a lurid red light.
The bolt of fire misses you. The Killer Klown pies you viciously!
You block the klown pie.
The orb of fire glows deep purple.
Strange energies course through your body.
You feel yourself wasting away.
You block the Killer Klown's attack. 😱 HP[+4] MP[+1]
You now have 106 max hp (-15).
You regained 4 hp, and now have 9/106 hp.
Unknown command.
Magic scrolls do not work when you're silenced!
The orb of fire enters a dispersal trap!
The golden dragon blinks!
The orb of fire blinks!
The Killer Klown blinks! x2
The Orb Guardian blinks!
You blink.
The orb of fire blinks!
The orb of fire glows red.
The fireball explodes!
The fireball engulfs you! You resist.
* * * LOW HITPOINT WARNING * * *
The orb of fire glows deep purple.
The bolt of fire hits you! You resist.
You die...

Skill      XL: |  1  2  3  4  5  6  7  8  9 10 11 12 13 14 15 16 17 18 19 20 21 22 23 24 25 26 27 |
---------------+----------------------------------------------------------------------------------+-----
Unarmed Combat | 4 6 7 8 9 11 12 13 15 16 17 18 19 20 22 23 24 25 | 25.5
Fighting       | 3 4 6 8 9 10 11 12 13 14 15 17 18 | 18.3
Armour         | 2 3 5 6 9 10 11 12 13 14 15 16 17 19 | 19.3
Shields        | 2 3 5 7 8 9 10 11 14 16 17 18 19 20 21 22 | 22.7
Stealth        | 3 5 9 12 | 12.0
Evocations     | 3 5 7 8 |  8.0
Dodging        | 2 5 7 9 11 12 | 12.0

Action                   |  1- 3 |  4- 6 |  7- 9 | 10-12 | 13-15 | 16-18 | 19-21 | 22-24 | 25-27 || total
-------------------------+-------+-------+-------+-------+-------+-------+-------+-------+-------++-------
Melee: Unarmed           |   115 |   121 |   199 |   358 |   937 |  1456 |  1298 |  1252 |  1263 ||  6999
       Bite              |    29 |    35 |    79 |   122 |   465 |   650 |   774 |   705 |   769 ||  3628
 Fire: Hunting sling     |       |       |       |    31 |     2 |       |       |    17 |     2 ||    52
       Hand crossbow     |       |       |       |       |   101 |     8 |    37 |       |       ||   146
Throw: Stone             |     1 |       |       |       |       |       |       |       |       ||     1
       Dart              |       |       |     4 |     7 |     1 |       |       |       |       ||    12
Invok: Berserk           |     3 |     2 |     2 |    11 |    17 |    17 |    19 |    13 |    12 ||    96
       Trog's Hand       |       |     2 |       |     1 |     5 |     2 |     6 |     6 |     5 ||    27
       Brothers in Arms  |       |       |       |     1 |     4 |     2 |     6 |     5 |     9 ||    27
Evoke: Wand              |       |       |       |     1 |       |       |       |       |       ||     1
  Use: Scroll            |       |       |     6 |     4 |    17 |     4 |     5 |     6 |     8 ||    50
       Potion            |       |       |       |     7 |       |       |       |       |     2 ||     9
 Stab: Sleeping          |     1 |     2 |       |     2 |     1 |       |       |       |       ||     6
       Petrified         |       |       |       |       |     6 |       |       |       |       ||     6
       Distracted        |       |       |       |       |       |       |       |     2 |     3 ||     5
Armor: Animal skin       |    36 |     9 |       |       |       |       |       |       |       ||    45
       Chain mail        |       |    18 |    70 |    53 |       |       |       |       |       ||   141
       Gold dragon scale |       |       |       |    88 |   492 |   481 |   598 |   449 |   423 ||  2531
       Robe              |       |       |       |    16 |     4 |       |       |       |       ||    20
Dodge: Dodged            |    78 |    27 |    30 |    57 |    89 |   144 |   293 |   220 |   267 ||  1205
Block: Tower shield      |       |    47 |   207 |   470 |  1110 |  1683 |  1493 |  1119 |  1070 ||  7199
       Other             |       |     5 |       |       |       |       |       |       |       ||     5
       Reflection        |       |     3 |     8 |    12 |    25 |    66 |       |       |       ||   114

Levels and vault maps discovered:
D:1:      grunt_arrival_lava_bath, layout_rooms, serial_shops, shop,
          chequers_big_river
D:2:      layout_loops_ring, basic_ecumenical_altar, serial_shops,
          nicolae_lakefront_shop, uniq_robin
D:3:      layout_basic, general_overflow_altar, serial_shops, shop, uniq_sigmund
D:4:      layout_basic, serial_shops, shop
D:5:      layout_basic, minmay_temple_entry_trees
D:6:      layout_loops_ring, nzn_hepliaklqana_mist_gate, jmf_multi_god_temple2,
          serial_shops, shop_coins, kennysheep_mini_moat,
          nicolae_shop_waterfront
D:7:      layout_loops_corners, lemuel_crystal_altar, hangedman_decor_opposing,
          uniq_crazy_yiuf_cottage
D:8:      layout_rooms, lemuel_crystal_altar, due_lair_maze_entry_diamond,
          gammafunk_ghost_nasty_kobolds, serial_shops, nicolae_take_the_stairs
D:9:      layout_long_grid, grunt_gozag_breadcrumbs,
          mainiacjoe_overflow_alcove_1, doesnt_xom_only_xom, wad_dig_loot,
          uniq_joseph
D:10:     minmay_spotlight, layout_loops_ring, serial_shops,
          nicolae_shop_statue_plus
D:11:     layout_irregular_city, enter_trove_1, abandoned_shop,
          kennysheep_generic_room_16
D:12:     lemuel_slime, layout_basic, hellmonk_guarded_unrand_vines
D:13:     layout_small_grid, erik_vaults_2, enter_bailey_3
D:14:     layout_loops_cross, uniq_agnes, uniq_rupert, uniq_azrael
D:15:     gammafunk_enter_depths_forms, layout_cave_pods, minmay_fountain_box,
          chequers_serial_rivers_small_3, serial_park_tiny_pond
Lair:1:   layout_misc_corridors, bh_autumn_forest_stairs,
          nzn_masters_of_martial_movement, serial_bayou_shore_a
Lair:2:   layout_chaotic_city, grunt_megastairs_4, infiniplex_staircase_pool_2
Lair:3:   layout_cave_pods, lemuel_fruit_fields, grunt_megastairs_2
Lair:4:   layout_loops_ring, minmay_swamp_entry_worms,
          guppyfry_snake_entry_garden, minmay_lair_oklob_chamber,
          grunt_megastairs_5
Lair:5:   layout_gridlike, slime_altar_1, gauntlet_entry_generic,
          ebering_ghost_funeral_grove, roderic_carrion_pond, uniq_urug
Lair:6:   gammafunk_lair_ancient_temple, layout_regular_city,
          portal_ice_cave_entry_pillars_1, gammafunk_ghost_grave, wad_woods_01,
          grunt_megastairs_3
Swamp:1:  nicolae_swamp_ascending_descending_big, layout_basic_swamp,
          evilmike_swamp_ruin_house_4, swamp_pool2
Swamp:2:  layout_basic_swamp, evilmike_swamp_ruin_rubble_2, swamp_pool2,
          grunt_witch_cave
Swamp:3:  nzn_winding_woodlands_small [nzn_winding_woodlands_5x15_twine,
          nzn_winding_woodlands_center_diamonds,
          nzn_winding_woodlands_5x15_parted], layout_basic_swamp,
          hangedman_swamp_blocks, nicolae_swamp_drake_lake, uniq_louise
Swamp:4:  nzn_swamp_witches_coven, layout_basic_swamp
Snake:1:  layout_misc_corridors
Snake:2:  layout_onion_interference, serial_shops, shop_statue,
          grunt_ministairs_10, nicolae_specific_store, drop_trap,
          nicolae_snake_gridmaze_tees, serial_bayou_pond_c
Snake:3:  layout_gridlike
Snake:4:  snake_pit, layout_chambers, basic_altar, lemuel_fruit_tree
Orc:1:    layout_caves, basic_altar, uniq_josephine
Orc:2:    grunt_orc_community_town_hall, layout_caves,
          grunt_orc_community_big_house_2, grunt_orc_community_big_house_2,
          grunt_orc_community_house_1, grunt_orc_community_house_2,
          grunt_orc_community_house_1, grunt_orc_community_house_3,
          grunt_orc_community_house_1, serial_shops, shop
Elf:1:    elf_arrival_001, layout_geoelf_octagon, serial_shops, shop, shop,
          shop_fountains, nicolae_lakefront_shop, minivault_28,
          hellmonk_guarded_unrand_gyre_and_gimble, uniq_jorgrun
Elf:2:    layout_loops_corners, nicolae_shop_clearance
Elf:3:    minmay_elf_hall_furrowed, layout_geoelf_octagon, serial_shops, shop,
          minmay_shop_star, uniq_donald
Vaults:1: v_misc_23, nicolae_vaults_disjoint_gnomons, v_misc_4,
          nicolae_vaults_network_star, hangedman_vaults_slice,
          grunt_vaults_hallway_long, v_pattern_3, vaults_dpeg_ring,
          v_alt_pattern_5, special_room_vaults [special_room_orc],
          layout_vaults_big_room, serial_shops, nicolae_shop_stone, uniq_aizul
Vaults:2: minmay_crypt_entry_simple_plaza, v_misc_23, vaults_room_fancy_cross,
          grunt_vaults_hallway_long, nicolae_vaults_windows_and_doors_thing,
          nicolae_vaults_arrows, nicolae_vaults_circle_grid_b,
          hangedman_vaults_corner, vaults_mumra_chevron_long,
          vaults_mumra_hexcomb, ontoclasm_vaults_hangar, vaults_mumra_lcd,
          nicolae_vaults_alarming, hangedman_vaults_trim, layout_vaults_maze
Vaults:3: nicolae_vaults_puzzle_piece, ontoclasm_vaults_gateway,
          hangedman_vaults_nodes, v_misc_15, v_misc_16, vaults_dpeg_diagonal,
          v_misc_24, ontoclasm_vaults_ligature, v_misc_10,
          layout_vaults_omnigrid, serial_shops, shop_fountains
Vaults:4: v_misc_29, v_misc_10, nicolae_vaults_circle_grid_b, v_misc_12,
          ontoclasm_vaults_loading_screen, hangedman_vaults_cutoff, v_misc_24,
          vaults_room_pools, v_misc_33, layout_vaults_omnicross, serial_shops,
          shop_statue
Vaults:5: uniq_bai_suzhen
Depths:1: layout_gridlike, grunt_hell_horde, serial_curves, eino_curves_02,
          eino_curves_01, nicolae_abyss_entry_one_way_or_another,
          lemuel_tele_altar, drop_trap, minmay_statues_item,
          lemuel_another_geyser
Depths:2: minmay_bloctagon, layout_basic, serial_shops, nicolae_shop_stone,
          hellmouth_3, minmay_crystal_room, infiniplex_staircase_star,
          firewood_loft
Depths:3: minmay_the_grid_triangle_9x9_rhombus_full_mashed
          [minmay_the_grid_triangle_9x9_longest,
          minmay_the_grid_triangle_9x9_sprig,
          minmay_the_grid_triangle_9x9_from_above,
          minmay_the_grid_triangle_9x9_flanged_cone,
          minmay_the_grid_triangle_9x9_subtriangle,
          minmay_the_grid_triangle_9x9_cache,
          minmay_the_grid_triangle_9x9_minimal,
          minmay_the_grid_triangle_9x9_prize_schism], layout_honeycomb,
          rand_demon_pan_entry_3, grunt_hell_entry_dis_mu, serial_bayou,
          serial_bayou_pond_b, serial_bayou_pond_e, serial_bayou_ford_a,
          serial_bayou_lagoon_a, fountainhead, serial_shops, shop, uniq_xtahua,
          uniq_mennas, uniq_sojobo
Depths:4: minmay_broken_ring, layout_basic, enter_ziggurat_c, abyss_entry,
          hangedman_abyss_or_decor_lesser_grid, hell_entry
Depths:5: grunt_zot_entry_gee_three, layout_gridville, moated_statue,
          hell_entry, pan_entry, uniq_frederick
Zot:1:    layout_basic, lemuel_flame_loot_1
Zot:2:    layout_onion_interference, gammafunk_ghost_mausoleum
Zot:3:    layout_gridlike, grunt_ministairs_1
Zot:4:    gammafunk_sealed_library, layout_misc_corridors
Zot:5:    layout_misc_corridors, grunt_ministairs_6

Notes
Turn   | Place    | Note
-------+----------+-------------------------------------------
     0 | D:1      | Sobieck the Vine Stalker Berserker began the quest for the
                  | Orb.
     0 | D:1      | Reached XP level 1. HP: 11/11 MP: 2/2
     0 | D:1      | magus.rc [v1.9.6]
    62 | D:1      | Reached XP level 2. HP: 12/16 MP: 1/3
    97 | D:1      | HP: 4/16 [jackal (1)]
   421 | D:1      | Reached skill level 4 in Unarmed Combat
   564 | D:1      | Reached XP level 3. HP: 17/19 MP: 4/4
   736 | D:1      | Found Kuvuqiuq's Armour Shoppe.
  1124 | D:2      | Found a faded altar of an unknown god.
  1155 | D:2      | Reached ** piety under Trog
  1664 | D:2      | You pick up a book of Callings {forbidden} and begin
                  | reading...
  1664 | D:2      | You add the spells Summon Small Mammal, Call Canine
                  | Familiar and Summon Guardian Golem to your library.
  1753 | D:2      | Noticed Robin
  1761 | D:2      | Gained mutation: Your natural rate of healing is unusually
                  | fast. [Vine Stalker growth]
  1761 | D:2      | Reached XP level 4. HP: 21/23 MP: 3/5
  1776 | D:2      | Killed Robin
  1777 | D:2      | Reached skill level 5 in Unarmed Combat
  1818 | D:2      | Found Neqotuo's Antique Weapon Emporium.
  2215 | D:3      | Noticed Sigmund
  2225 | D:3      | Killed Sigmund
  2226 | D:3      | Reached skill level 6 in Unarmed Combat
  2226 | D:3      | Reached XP level 5. HP: 27/27 MP: 6/6
  2226 | D:3      | Reached XP level 6. HP: 32/32 MP: 7/7
  2576 | D:3      | magus.rc [v1.9.6]
  2769 | D:3      | Found Engy's Book Shoppe.
  2944 | D:3      | Found a glowing golden altar of the Shining One.
  3174 | D:5      | Entered Level 5 of the Dungeon
  3232 | D:4      | Reached *** piety under Trog
  3390 | D:4      | Reached skill level 7 in Unarmed Combat
  3471 | D:4      | Found Ehon Foaggo's Jewellery Emporium.
  3979 | D:5      | Reached XP level 7. HP: 35/35 MP: 8/8
  4042 | D:5      | Reached skill level 8 in Unarmed Combat
  4159 | D:5      | You pick up a book of Lightning {forbidden} and begin
                  | reading...
  4159 | D:5      | You add the spells Static Discharge, Lightning Bolt and
                  | Maxwell's Capacitive Coupling to your library.
  4207 | D:5      | Reached skill level 3 in Fighting
  4207 | D:5      | Reached skill level 2 in Armour
  4207 | D:5      | Reached skill level 1 in Shields
  4380 | D:5      | Found a staircase to the Ecumenical Temple.
  4824 | D:6      | Found Uharocurot's General Store.
  4935 | D:4      | Bought a ring of magical power for 280 gold pieces
  5160 | D:6      | Reached skill level 2 in Shields
  5160 | D:6      | Gained mutation: You have razor-sharp teeth. [Vine Stalker
                  | growth]
  5160 | D:6      | Reached XP level 8. HP: 40/40 MP: 9/9
  5201 | D:6      | Reached skill level 3 in Armour
  5252 | D:6      | Reached skill level 4 in Fighting
  5424 | D:6      | Found Ohetuno's Armour Shoppe.
  5430 | D:6      | You pick up a book of Minor Magic {forbidden} and begin
                  | reading...
  5430 | D:6      | You add the spells Magic Dart, Call Imp and Mephitic Cloud
                  | to your library.
  5454 | D:6      | Found a large runed translucent door.
  5455 | D:6      | Found a large runed translucent door.
  5509 | D:6      | Found a hazy altar of Hepliaklqana.
  5565 | D:6      | Reached skill level 3 in Shields
  5597 | D:6      | Found Vikhun's Assorted Antiques.
  5908 | D:6      | Found a broken altar of Ashenzari.
  5917 | D:6      | Found a bloodstained altar of Trog.
  5926 | D:6      | Reached skill level 9 in Unarmed Combat
  5949 | D:7      | Reached XP level 9. HP: 46/46 MP: 10/10
  5973 | D:8      | Identified the ring of Polytheism {Wiz rC+ rN+ Int+3 Dex-5}
  6112 | D:7      | Found an ancient bone altar of Kikubaaqudgha.
  6273 | D:6      | Bought a runed marble ring for 80 gold pieces
  6478 | D:7      | Reached skill level 4 in Armour
  6926 | D:7      | Found a runed translucent door.
  6927 | D:7      | Noticed Crazy Yiuf
  6987 | D:8      | Found Pemob's Weapon Emporium.
  6995 | D:7      | Reached skill level 5 in Fighting
  6995 | D:7      | Reached skill level 4 in Shields
  7000 | D:7      | Reached **** piety under Trog
  7206 | D:7      | Killed Crazy Yiuf
  7364 | D:8      | Found a runed translucent gate.
  7364 | D:8      | Found a runed translucent gate.
  7364 | D:8      | Found a runed translucent gate.
  7366 | D:8      | Noticed ThrustWizard's ghost (novice GnMo)
  7392 | D:8      | Found a white marble altar of Elyvilon.
  7524 | D:8      | Found a staircase to the Lair.
  7525 | D:8      | Noticed a komodo dragon
  7538 | D:8      | Killed a komodo dragon
  7539 | D:8      | Reached skill level 5 in Shields
  7544 | D:8      | Reached skill level 5 in Armour
  7591 | D:8      | Reached skill level 6 in Fighting
  7591 | D:8      | Reached XP level 10. HP: 53/53 MP: 11/11
  7631 | D:8      | Reached skill level 10 in Unarmed Combat
  7718 | D:10     | Entered Level 10 of the Dungeon
  8065 | D:9      | Found an ornate altar of the Wu Jian Council.
  8167 | D:9      | Noticed a kobold demonologist
  8182 | D:9      | Killed a kobold demonologist
  8183 | D:9      | Reached skill level 6 in Shields
  8195 | D:9      | Noticed a glowing orange brain
  8242 | D:9      | Noticed Joseph
  8260 | D:9      | Killed Joseph
  8261 | D:9      | Reached skill level 6 in Armour
  8282 | D:9      | Found an opulent altar of Gozag.
  8322 | D:9      | You pick up a book of Changes {forbidden} and begin
                  | reading...
  8322 | D:9      | You add the spells Beastly Appendage, Wereblood and Spider
                  | Form to your library.
  8389 | D:9      | Found a staircase to the Orcish Mines.
  8443 | D:9      | Found a sacrificial altar of Ru.
  8445 | D:9      | Found an iron altar of Okawaru.
  8445 | D:9      | Found a glowing golden altar of the Shining One.
  8453 | D:9      | Found a shimmering altar of Xom.
  8453 | D:9      | Found a broken altar of Ashenzari.
  8453 | D:9      | Found an opulent altar of Gozag.
  8707 | D:10     | Noticed a two-headed ogre
  8711 | D:10     | Killed a two-headed ogre
  8882 | D:10     | Found Nionleob's Armour Boutique.
  8905 | D:10     | You add the spells Summon Forest, Eringya's Noxious Bog and
                  | Summon Hydra to your library.
  8965 | D:12     | Noticed a cyclops
  8974 | D:12     | Killed a cyclops
  8975 | D:12     | Reached skill level 7 in Shields
  8975 | D:12     | Reached skill level 11 in Unarmed Combat
  8975 | D:12     | Reached XP level 11. HP: 56/56 MP: 12/12
  8985 | D:13     | Found a gate to the Vaults.
  8985 | D:13     | Noticed a vault guard
  8985 | D:13     | Noticed a vault guard
  8985 | D:13     | Noticed a vault guard
  8985 | D:13     | Noticed a vault guard
  8985 | D:13     | Noticed a vault guard
  8986 | D:13     | Noticed a vault guard
  8986 | D:13     | Noticed a vault guard
  8986 | D:13     | Noticed a vault guard
  8997 | D:13     | Killed a vault guard
  9004 | D:13     | Killed a vault guard
  9005 | D:13     | Reached skill level 7 in Armour
  9012 | D:13     | HP: 14/56 [vault guard (4)]
  9021 | D:13     | HP: 14/56 [vault guard (11)]
  9030 | D:11     | Killed a vault guard
  9126 | D:10     | Killed a vault guard
  9134 | D:10     | Killed a vault guard
  9135 | D:10     | Reached skill level 8 in Shields
  9246 | D:11     | Killed a vault guard
  9280 | D:11     | Killed a vault guard
  9281 | D:11     | Reached skill level 8 in Armour
  9281 | D:11     | Reached skill level 12 in Unarmed Combat
  9299 | D:13     | Noticed a red ugly thing
  9304 | D:13     | Killed a red ugly thing
  9321 | D:13     | Found a flagged portal.
  9332 | Bailey   | Entered a bailey
  9709 | Bailey   | Noticed an orc knight
  9709 | Bailey   | Noticed an orc knight
  9754 | Bailey   | Identified +2 gold dragon scales
  9758 | Bailey   | k - +2 gold dragon scales {rare}
  9783 | Bailey   | You finish putting on your +2 gold dragon scales {rare}.
  9921 | D:13     | Killed a vault guard
  9922 | D:13     | Reached skill level 9 in Armour
 10093 | D:10     | Reached XP level 12. HP: 61/61 MP: 13/13
 10218 | D:10     | Bought a +2 pair of gloves for 214 gold pieces
 10289 | D:10     | You pick up a book of the Earth {forbidden} and begin
                  | reading...
 10289 | D:10     | You add the spells Stone Arrow, Bolt of Magma and Shatter
                  | to your library.
 10397 | D:10     | You pick up a book of the Senses {forbidden} and begin
                  | reading...
 10397 | D:10     | You add the spells Dazzling Flash, Agony and Silence to
                  | your library.
 10885 | D:11     | Found a portal to a secret trove of treasure.
 10893 | D:11     | This trove requires the presence of the slimy rune of Zot
                  | to function. Show it the item?
 10946 | D:12     | Noticed a tengu warrior
 10956 | D:12     | Killed a tengu warrior
 10957 | D:12     | Reached skill level 10 in Armour
 11125 | D:13     | Noticed a death knight
 11167 | D:12     | Noticed a five-headed hydra
 11175 | D:12     | Killed a five-headed hydra
 11176 | D:12     | Reached skill level 1 in Stealth
 11312 | D:12     | Reached skill level 1 in Evocations
 11374 | D:12     | You pick up a book of the Tundra {forbidden} and begin
                  | reading...
 11374 | D:12     | You add the spells Hailstorm, Ice Form and Simulacrum to
                  | your library.
 11398 | D:12     | Reached skill level 2 in Stealth
 11555 | D:12     | Noticed a two-headed ogre
 11563 | D:12     | Killed a two-headed ogre
 11564 | D:12     | Reached skill level 3 in Stealth
 11564 | D:12     | Reached skill level 2 in Evocations
 11695 | D:12     | Noticed a five-headed hydra
 11705 | D:12     | Killed a five-headed hydra
 11805 | D:12     | Reached ***** piety under Trog
 11901 | D:12     | Found the +2 robe of Vines {NoPotionHeal Regen+++}
 11995 | D:10     | You finish taking off your +2 gold dragon scales {rare}.
 12122 | D:11     | Reached skill level 3 in Evocations
 12248 | D:11     | Noticed a centaur warrior
 12248 | D:11     | Noticed a boulder beetle
 12268 | D:11     | Reached XP level 13. HP: 58/66 MP: 14/14
 12269 | D:11     | Reached skill level 7 in Fighting
 12407 | D:11     | You finish putting on your +2 gold dragon scales {rare}.
 12412 | D:11     | You finish taking off your +2 gold dragon scales {rare}.
 12427 | D:11     | You finish putting on your +2 gold dragon scales {rare}.
 12488 | D:11     | You pick up a book of Dreams {forbidden} and begin
                  | reading...
 12488 | D:11     | You add the spells Ensorcelled Hibernation and Shadow
                  | Creatures to your library.
 12939 | D:13     | Reached skill level 9 in Shields
 12971 | D:12     | You finish taking off your +2 gold dragon scales {rare}.
 13079 | D:13     | You finish putting on your +2 gold dragon scales {rare}.
 13088 | D:13     | Reached skill level 4 in Evocations
 13136 | D:13     | You pick up a book of Minor Magic {forbidden} and begin
                  | reading...
 13230 | D:13     | You pick up a book of Geomancy {forbidden} and begin
                  | reading...
 13230 | D:13     | You add the spells Sandblast, Passwall and Lee's Rapid
                  | Deconstruction to your library.
 13663 | D:14     | Noticed Rupert
 13704 | D:14     | HP: 10/67 [Rupert (17)]
 13708 | D:14     | Killed Rupert
 13716 | D:14     | HP: 12/68 [white ugly thing (10)]
 13769 | D:14     | You fall into a shaft and drop 1 floor!
 13769 | D:15     | Entered Level 15 of the Dungeon
 13833 | D:15     | Noticed a rakshasa
 13850 | D:15     | Killed a rakshasa
 13856 | D:15     | You pick up a book of Storms {forbidden} and begin
                  | reading...
 13856 | D:15     | You add the spells Airstrike and Summon Lightning Spire to
                  | your library.
 13901 | D:14     | Noticed Azrael
 13913 | D:14     | Killed Azrael
 14043 | D:14     | Reached skill level 13 in Unarmed Combat
 14175 | D:14     | Reached skill level 11 in Armour
 14184 | D:14     | Reached skill level 8 in Fighting
 14184 | D:14     | Reached skill level 5 in Evocations
 14399 | D:14     | Noticed Agnes
 14413 | D:14     | HP: 17/68 [Agnes (12)]
 14417 | D:14     | Killed Agnes
 14538 | D:14     | You pick up a book of Air {forbidden} and begin reading...
 14538 | D:14     | You add the spells Shock and Swiftness to your library.
 14702 | D:14     | Reached XP level 14. HP: 67/73 MP: 15/15
 15185 | D:15     | Reached skill level 10 in Shields
 15322 | D:15     | Reached skill level 6 in Evocations
 15807 | D:15     | Reached skill level 9 in Fighting
 15889 | D:15     | Found a staircase to the Depths.
 16193 | D:10     | Bought a +0 pair of boots of stealth for 149 gold pieces
 16436 | D:2      | Bought a scorched hand crossbow for 195 gold pieces
 16436 | D:2      | Identified the +0 hand crossbow "Xuymef" {elec, rCorr Str-4
                  | Dex+7 Stlth+} (You bought it in a shop on level 2 of the
                  | Dungeon)
 16760 | Lair:1   | Entered Level 1 of the Lair of Beasts
 16840 | Lair:1   | Found an ornate altar of the Wu Jian Council.
 16858 | Lair:1   | Found a hide-covered altar of Uskayaw.
 17125 | Lair:1   | You add the spells Olgreb's Toxic Radiance, Ozocubu's
                  | Refrigeration and Ignition to your library.
 17187 | Lair:1   | Reached skill level 7 in Evocations
 17191 | Lair:1   | Received a gift from Trog
 18085 | Lair:2   | Reached XP level 15. HP: 63/79 MP: 16/16
 18422 | Lair:3   | Reached skill level 14 in Unarmed Combat
 18967 | Lair:3   | Reached skill level 11 in Shields
 18998 | Lair:3   | Identified the +3 ring mail of Gehenna {Drain rElec rN+++}
 19039 | Lair:3   | Reached skill level 12 in Armour
 19580 | Lair:5   | Received a gift from Trog
 19641 | Lair:5   | Found a gate leading to a gauntlet.
 19653 | Lair:5   | Found a runed translucent door.
 19667 | Gauntlet | Entered a Gauntlet
 19667 | Gauntlet | Found a transporter.
 19676 | Gauntlet | Found a transporter.
 19678 | Gauntlet | Found a transporter.
 19679 | Gauntlet | Found a transporter.
 19683 | Gauntlet | Found a runed translucent door.
 19685 | Gauntlet | Found a runed translucent door.
 19687 | Gauntlet | Found a transporter.
 19690 | Gauntlet | Found a transporter.
 19691 | Gauntlet | Found a transporter.
 19702 | Gauntlet | Found a transporter.
 19703 | Gauntlet | Found a transporter.
 19704 | Gauntlet | Found a transporter.
 19711 | Gauntlet | Found a transporter.
 19714 | Gauntlet | Found a transporter.
 19715 | Gauntlet | Found a transporter.
 19726 | Gauntlet | Found a transporter.
 20001 | Gauntlet | Paralysed by a floating eye for 4 turns
 20092 | Gauntlet | Reached skill level 10 in Fighting
 20125 | Gauntlet | Identified the amulet "Kikor" {Faith Harm Dex+3 Stlth+}
 20273 | Gauntlet | your +2 gold dragon scales {rare} glow green for a moment.
 20414 | Gauntlet | Reached skill level 8 in Evocations
 20421 | Gauntlet | Identified the +0 cloak of the Hall of Blades {Str+5}
 20422 | Gauntlet | You add the spells Iskenderun's Mystic Blast, Fireball and
                  | Spellforged Servitor to your library.
 20422 | Gauntlet | Got the Tome of Attacks {forbidden}
 20501 | Lair:6   | Entered Level 6 of the Lair of Beasts
 20522 | Lair:5   | Noticed Urug
 20535 | Lair:5   | Killed Urug
 20631 | Lair:4   | Identified a scroll of acquirement
 20632 | Lair:4   | Acquired a manual of Armour
 20695 | Lair:4   | You pick up a book of Cantrips {forbidden} and begin
                  | reading...
 20695 | Lair:4   | You add the spells Corona, Animate Skeleton and Apportation
                  | to your library.
 20758 | Lair:4   | You pick up a book of Blood {forbidden} and begin
                  | reading...
 20789 | Lair:4   | Reached skill level 15 in Unarmed Combat
 21022 | Lair:4   | Found a staircase to the Snake Pit.
 21404 | Lair:4   | Found a staircase to the Swamp.
 21642 | Lair:5   | You pick up a book of Touch {forbidden} and begin
                  | reading...
 21642 | Lair:5   | You add the spells Sticky Flame and Dispel Undead to your
                  | library.
 21764 | Lair:5   | Identified the +4 spear of Defenestration {flame, Fly
                  | Str+4}
 21869 | Lair:5   | your +3 gold dragon scales {rare} glow green for a moment.
 21929 | Lair:5   | Found a staircase to the Slime Pits.
 21929 | Lair:5   | Found a viscous altar of Jiyva.
 21980 | Lair:5   | Noticed Wyvernaa's ghost (journeyman FeFi)
 22226 | Lair:5   | Reached XP level 16. HP: 81/85 MP: 17/17
 22689 | Lair:6   | You pick up a book of Minor Magic {forbidden} and begin
                  | reading...
 22729 | Lair:6   | Reached skill level 13 in Armour
 22766 | Lair:6   | Found a runed translucent door.
 22767 | Lair:6   | Noticed pigah's ghost (journeyman OpWn)
 22948 | Lair:6   | Reached ****** piety under Trog
 23119 | Lair:6   | Reached skill level 12 in Shields
 23121 | Lair:6   | Reached skill level 16 in Unarmed Combat
 23125 | Lair:6   | Received a gift from Trog
 23268 | Lair:6   | You pick up a book of the Dryads {forbidden} and begin
                  | reading...
 23281 | Lair:6   | You add the spells Poisonous Vapours, Yara's Violent
                  | Unravelling and Discord to your library.
 23281 | Lair:6   | Got the Guide on Malediction and Intoxication {forbidden}
 23508 | Lair:6   | Killed pigah's ghost
 23784 | Orc:1    | Entered Level 1 of the Orcish Mines
 23981 | Orc:1    | Noticed Josephine
 23997 | Orc:1    | Killed Josephine
 24020 | Orc:2    | Entered Level 2 of the Orcish Mines
 24327 | Orc:2    | Received a gift from Trog
 24330 | Orc:2    | Found Hulodecu's Armour Emporium.
 24374 | Orc:2    | Reached skill level 13 in Shields
 24587 | Orc:2    | Found Hyseopp's Antique Weapon Shop.
 24934 | Orc:2    | Found a staircase to the Elven Halls.
 25295 | Orc:2    | Found Jumy's Antique Armour Emporium.
 25300 | Orc:2    | Found Zuativenn's Antique Weapon Shoppe.
 25307 | Orc:2    | Bought a runed helmet for 165 gold pieces
 25432 | Orc:2    | Found Hoaxtan's Weapon Emporium.
 25482 | Elf:1    | Entered Level 1 of the Elven Halls
 25595 | Elf:1    | Found Rumabb's Weapon Shop.
 25634 | Elf:1    | Received a gift from Trog
 25807 | Elf:1    | Reached skill level 14 in Shields
 26030 | Elf:1    | Paralysed by an air elemental for 1 turns
 26071 | Elf:1    | You pick up a book of the Warp {forbidden} and begin
                  | reading...
 26071 | Elf:1    | You add the spells Dispersal and Disjunction to your
                  | library.
 26117 | Elf:1    | Reached XP level 17. HP: 80/89 MP: 18/18
 26154 | Elf:1    | Noticed Jorgrun
 26281 | Elf:2    | Killed Jorgrun
 26697 | Elf:2    | Paralysed by an air elemental for 1 turns
 26827 | Elf:3    | Entered Level 3 of the Elven Halls
 26956 | Elf:2    | Reached skill level 15 in Shields
 26972 | Elf:2    | Found a runed translucent door.
 27000 | Elf:2    | Found a runed translucent door.
 27296 | Elf:2    | Found Quisaco's CLEARANCE SALE! EVERYTHING MUST GO!.
 27312 | Elf:2    | Bought a scroll of enchant armour for 15 gold pieces
 27312 | Elf:2    | your +4 gold dragon scales {rare} glow green for a moment.
 27998 | Elf:1    | Found Lyudestrela's Antique Armour Emporium.
 28018 | Elf:1    | Found Romasabu's Jewellery Emporium.
 28178 | Elf:1    | Found Ukitod's Book Boutique.
 28212 | Elf:1    | Noticed a deep elf blademaster
 28212 | Elf:1    | Noticed a deep elf blademaster
 28230 | Elf:1    | Killed a deep elf blademaster
 28234 | Elf:1    | Killed a deep elf blademaster
 28278 | Elf:1    | Noticed a deep elf blademaster
 28295 | Elf:1    | Killed a deep elf blademaster
 28296 | Elf:1    | Reached skill level 16 in Shields
 28375 | Elf:1    | Found the +7 pair of quick blades "Gyre" and "Gimble"
                  | {protect}
 28380 | Elf:1    | g - the +7 pair of quick blades "Gyre" and "Gimble"
                  | {protect, shortrare=g}
 28467 | Orc:2    | You drop the +7 pair of quick blades "Gyre" and "Gimble"
                  | {protect, shortrare=g}.
 28649 | Elf:3    | Found Neph's Armour Shop.
 28649 | Elf:3    | Found Puerphelo's Armour Boutique.
 28653 | Elf:3    | Found Ewube's Weapon Shop.
 28679 | Elf:3    | Reached skill level 2 in Dodging
 28823 | Elf:3    | Noticed Donald
 28834 | Elf:3    | Killed Donald
 29009 | Elf:3    | Found Akhluosi's Weapon Boutique.
 29030 | Elf:3    | your +5 gold dragon scales {rare} glow green for a moment.
 29432 | Elf:1    | Bought the amulet "Pafeoleh" {RegenMP Will+ Int-2 Dex+2
                  | Slay+2} for 969 gold pieces
 29742 | Elf:3    | Noticed a deep elf blademaster
 29747 | Elf:3    | Received a gift from Trog
 29752 | Elf:3    | Killed a deep elf blademaster
 29753 | Elf:3    | Noticed a deep elf master archer
 29764 | Elf:3    | a deep elf sorcerer comes into view. It is wielding the +8
                  | trident of the Octopus King {venom, rElec rPois Will+} and
                  | wearing a +2 robe of willpower.
 30075 | Snake:1  | Entered Level 1 of the Snake Pit
 30171 | Snake:1  | Reached XP level 18. HP: 95/95 MP: 19/19
 30174 | Snake:1  | Reached skill level 3 in Dodging
 30206 | Snake:2  | Identified the +1 scale mail "Goufar" {Harm rF+ Int-3}
 31531 | Snake:2  | You fall into a shaft and drop 1 floor!
 31640 | Snake:2  | You pick up a book of Stone {forbidden} and begin
                  | reading...
 31640 | Snake:2  | You add the spells Leda's Liquefaction and Statue Form to
                  | your library.
 31846 | Snake:2  | Reached skill level 4 in Dodging
 31960 | Snake:2  | Found Xoetysch's Specific Store.
 31970 | Snake:2  | Found Zacvull Enaj's General Store.
 32211 | Snake:2  | Found Waudoral's Book Emporium.
 32364 | Snake:3  | Received a gift from Trog
 32386 | Snake:3  | You pick up a book of Air {forbidden} and begin reading...
 32392 | Snake:3  | You pick up a book of the Tundra {forbidden} and begin
                  | reading...
 32413 | Snake:3  | Reached skill level 14 in Armour
 32472 | Snake:3  | Identified the +0 leather armour of the Gloaming {-Tele
                  | Rampage rElec rF+}
 32554 | Snake:3  | Reached skill level 11 in Fighting
 32579 | Snake:3  | You pick up a book of Touch {forbidden} and begin
                  | reading...
 32787 | Snake:4  | Entered Level 4 of the Snake Pit
 32834 | Snake:3  | You pick up a book of Necromancy {forbidden} and begin
                  | reading...
 32834 | Snake:3  | You add the spells Pain and Vampiric Draining to your
                  | library.
 33276 | Snake:4  | Found a sacrificial altar of Ru.
 33460 | Snake:3  | Reached skill level 5 in Dodging
 33832 | Snake:3  | Received a gift from Trog
 33919 | Snake:4  | Reached XP level 19. HP: 100/100 MP: 20/20
 34990 | Snake:4  | Reached skill level 17 in Unarmed Combat
 35041 | Snake:4  | Reached skill level 6 in Dodging
 35366 | Snake:4  | Received a gift from Trog
 35367 | Snake:4  | Reached skill level 15 in Armour
 35423 | Snake:3  | magus.rc [v1.9.6]
 35787 | Snake:4  | Reached skill level 17 in Shields
 35937 | Snake:4  | You pick up a book of Dangerous Friends {forbidden} and
                  | begin reading...
 35965 | Snake:4  | Got a serpentine rune of Zot
 36481 | Vaults:1 | Entered Level 1 of the Vaults
 36576 | Vaults:1 | Received a gift from Trog
 36611 | Vaults:1 | Reached skill level 12 in Fighting
 36715 | Vaults:1 | Found Datoumy's Antique Armour Shop.
 36933 | Vaults:1 | Reached skill level 7 in Dodging
 37126 | Vaults:2 | Reached XP level 20. HP: 107/107 MP: 21/21
 37269 | Vaults:1 | Identified the +1 quick blade of the World {vorpal, Dex+4
                  | Stlth+} (Trog gifted it to you on level 1 of the Vaults)
 37269 | Vaults:1 | Received a gift from Trog
 37269 | Vaults:1 | Noticed Aizul
 37278 | Vaults:1 | Killed Aizul
 37350 | Vaults:1 | A - the +1 quick blade of the World {vorpal, Dex+4 Stlth+,
                  | shortrare=g}
 37556 | D:13     | You drop the +1 quick blade of the World {vorpal, Dex+4
                  | Stlth+, shortrare=g}.
 37655 | Vaults:1 | You pick up a book of Hexes {forbidden} and begin
                  | reading...
 37655 | Vaults:1 | You add the spells Inner Flame and Cause Fear to your
                  | library.
 38067 | Vaults:1 | You pick up a book of Iron {forbidden} and begin reading...
 38067 | Vaults:1 | You add the spells Animate Armour, Blade Hands and Iron
                  | Shot to your library.
 38606 | Vaults:2 | Reached skill level 8 in Dodging
 38618 | Vaults:2 | Reached skill level 16 in Armour
 38646 | Vaults:2 | Received a gift from Trog
 39047 | Vaults:2 | your +6 gold dragon scales {rare} glow green for a moment.
 39048 | Vaults:2 | your +7 gold dragon scales {rare} glow green for a moment.
 39049 | Vaults:2 | your +8 gold dragon scales {rare} glow green for a moment.
 39061 | Vaults:2 | Found a staircase to the Crypt.
 39294 | Vaults:2 | Reached skill level 18 in Unarmed Combat
 39558 | Vaults:2 | You pick up a book of Minor Magic {forbidden} and begin
                  | reading...
 40053 | Vaults:2 | Reached skill level 9 in Dodging
 40144 | Vaults:3 | Reached skill level 18 in Shields
 40346 | Vaults:3 | Reached XP level 21. HP: 92/111 MP: 22/22
 40362 | Vaults:3 | Received a gift from Trog
 41116 | Vaults:3 | Reached skill level 10 in Dodging
 41277 | Vaults:3 | Found Riusev's Magic Scroll Shop.
 41528 | Vaults:3 | You pick up a book of Party Tricks {forbidden} and begin
                  | reading...
 41528 | Vaults:3 | You add the spells Alistair's Intoxication and Invisibility
                  | to your library.
 41589 | Vaults:3 | Reached skill level 19 in Unarmed Combat
 41780 | Vaults:4 | Found Zepa's Armour Emporium.
 41992 | Vaults:4 | Reached skill level 11 in Dodging
 41998 | Vaults:4 | Received a gift from Trog
 42037 | Vaults:4 | Identified the +5 ring mail of the Onion {Drain Str+2 Int+3
                  | Dex+4}
 42444 | Vaults:4 | Reached skill level 4 in Stealth
 42746 | Vaults:4 | Reached skill level 5 in Stealth
 42891 | Vaults:4 | Received a gift from Trog
 43168 | Depths:1 | Entered Level 1 of the Depths
 43363 | Depths:1 | Found a gateway to Hell.
 43491 | D:15     | Reached XP level 22. HP: 116/116 MP: 23/23
 43547 | Depths:1 | Reached skill level 6 in Stealth
 43602 | Depths:1 | Found a one-way gate to the infinite horrors of the Abyss.
 44046 | Depths:1 | Reached skill level 7 in Stealth
 44377 | Depths:1 | Found an iron altar of Okawaru.
 44673 | Depths:1 | your +9 gold dragon scales {rare} glow green for a moment.
 44789 | Depths:2 | Noticed a golden dragon
 44840 | Depths:2 | Noticed a caustic shrike
 45271 | Elf:1    | Bought the ring of Xesusuhe {Fly rC+ MP+9 AC+4} for 1349
                  | gold pieces
 45490 | Swamp:1  | Entered Level 1 of the Swamp
 45671 | Swamp:1  | Reached skill level 8 in Stealth
 45674 | Swamp:1  | Received a gift from Trog
 46049 | Swamp:2  | your +10 gold dragon scales {rare} glow green for a moment.
 46132 | Swamp:3  | Noticed Louise
 46150 | Swamp:3  | Killed Louise
 46215 | Swamp:2  | Reached skill level 13 in Fighting
 46399 | Swamp:2  | Reached skill level 12 in Dodging
 46408 | Swamp:2  | You pick up a book of Burglary {forbidden} and begin
                  | reading...
 46441 | Swamp:2  | Acquired 913 gold pieces
 46650 | Swamp:4  | Entered Level 4 of the Swamp
 46945 | Swamp:3  | Reached skill level 9 in Stealth
 47008 | Swamp:3  | Received a gift from Trog
 47540 | Swamp:3  | magus.rc [v1.9.6]
 47568 | Swamp:4  | Reached XP level 23. HP: 121/122 MP: 24/24
 47634 | Swamp:4  | Received a gift from Trog
 47641 | Swamp:4  | P - a +0 antimagic eveningstar {macerare=g}
 47643 | Swamp:4  | You drop a +0 antimagic eveningstar {macerare=g}.
 47644 | Swamp:4  | P - a +0 antimagic eveningstar {macerare=g}
 47663 | Swamp:4  | Reached skill level 10 in Stealth
 47769 | Swamp:4  | Reached skill level 20 in Unarmed Combat
 47858 | Swamp:4  | Reached skill level 19 in Shields
 47910 | Swamp:4  | Got a decaying rune of Zot
 48215 | Swamp:4  | magus.rc [v1.9.6]
 48535 | Depths:2 | Reached skill level 11 in Stealth
 48634 | Depths:2 | Received a gift from Trog
 48678 | Depths:1 | Killed a caustic shrike
 48679 | Depths:1 | magus.rc [v1.9.6]
 48853 | Depths:2 | Reached skill level 14 in Fighting
 48927 | Depths:3 | Noticed Sojobo
 48930 | Depths:3 | Paralysed by an air elemental for 1 turns
 48935 | Depths:3 | Paralysed by an air elemental for 1 turns
 48994 | Depths:2 | Found Ytuly's Antique Armour Boutique.
 49043 | Depths:2 | Reached skill level 12 in Stealth
 49151 | Depths:2 | Killed a golden dragon
 49261 | Depths:2 | You pick up a book of Lightning {forbidden} and begin
                  | reading...
 49771 | Depths:3 | Found a runed translucent door.
 49801 | Depths:3 | Received a gift from Trog
 49804 | Depths:3 | Identified the ring of Thoughtfulness {rPois rF+ rCorr
                  | Int-4 Stlth+}
 49825 | Depths:3 | Noticed Xtahua
 49899 | Depths:2 | Killed Xtahua
 49900 | Depths:2 | Reached XP level 24. HP: 129/129 MP: 24/24
 50088 | Depths:3 | Noticed Mennas
 50121 | Depths:3 | Killed Mennas
 50299 | Depths:3 | Killed Sojobo
 50306 | Depths:3 | Reached skill level 21 in Unarmed Combat
 50433 | Depths:3 | Found Xuicwiex's Magic Scroll Shoppe.
 50439 | Depths:3 | Bought a scroll of enchant armour for 90 gold pieces
 50439 | Depths:3 | your +11 gold dragon scales {rare} glow green for a moment.
 50684 | Depths:3 | Found the +3 crown of Dyrovepreva {rElec Int+2 SInv}
 50746 | Depths:2 | You drop a +0 antimagic eveningstar {macerare=g}.
 50829 | Depths:3 | Got the Handbook of Poisonous Transformation {forbidden}
 50873 | Depths:3 | You pick up a book of Blood {forbidden} and begin
                  | reading...
 50913 | Depths:3 | Found a one-way gate leading to the halls of Pandemonium.
 50921 | Depths:3 | Reached skill level 20 in Shields
 51675 | D:8      | Killed ThrustWizard's ghost
 51898 | Lair:5   | Killed Wyvernaa's ghost
 51921 | Lair:5   | Acquired 647 gold pieces
 52275 | Depths:4 | Received a gift from Trog
 52364 | Depths:4 | Found a gateway to a ziggurat.
 52367 | Depths:4 | Paralysed by a floating eye for 4 turns
 52375 | Depths:4 | Paralysed by a floating eye for 3 turns
 52383 | Depths:4 | Paralysed by a floating eye for 4 turns
 52399 | Depths:5 | Entered Level 5 of the Depths
 52879 | Elf:3    | Identified the ring of the Invisible Hand {Wiz Stlth+}
 53239 | Elf:3    | P - a +0 eveningstar of holy wrath {macerare=g}
 53267 | Elf:2    | You drop a +0 eveningstar of holy wrath {macerare=g}.
 53399 | Elf:3    | Identified the +6 flail "Yffy" {flame, rF- rC++ Will+
                  | Dex+3}
 53415 | Elf:3    | Identified the ring "Bubaw" {*Corrode Str+6 Dex+5 Slay+2}
 53421 | Elf:3    | HP: 27/128 [???[a deep elf demonologist] (17)]
 53426 | Elf:3    | Received a gift from Trog
 53549 | Elf:3    | Identified the +10 hunting sling of Barr {freeze, rC- rN+
                  | Str+4 SInv}
 53558 | Elf:3    | You add the spells Corpse Rot, Freezing Cloud and Conjure
                  | Ball Lightning to your library.
 53558 | Elf:3    | Got the Tome of Lightness {forbidden}
 53567 | Elf:3    | You pick up a book of Party Tricks {forbidden} and begin
                  | reading...
 53571 | Elf:3    | Identified the +0 ring mail "Wioxeusy" {rPois SInv}
 53574 | Elf:3    | You pick up a book of Lightning {forbidden} and begin
                  | reading...
 53628 | Elf:3    | You pick up a book of Stone {forbidden} and begin
                  | reading...
 54168 | Depths:4 | Paralysed by a floating eye for 2 turns
 54184 | Depths:4 | Gained mutation: You are dopey. (Int -2) [a shining eye]
 54360 | Depths:4 | Reached skill level 22 in Unarmed Combat
 54449 | Depths:4 | Reached XP level 25. HP: 123/129 MP: 24/24
 54477 | Depths:4 | Reached skill level 21 in Shields
 54621 | Depths:4 | Identified the +4 morningstar "Gyfi" {vorpal, Contam Str+3
                  | Int+6}
 54624 | Depths:4 | Identified the +9 plate armour of Defiance {rPois rN+
                  | Str+4}
 54628 | Depths:4 | You pick up a book of Flames {forbidden} and begin
                  | reading...
 54628 | Depths:4 | You add the spells Foxfire and Conjure Flame to your
                  | library.
 55151 | Depths:4 | You pick up a book of Blood {forbidden} and begin
                  | reading...
 55265 | Depths:5 | Identified the +5 chain mail of Taifydem {Contam rF+
                  | Slay+5}
 55339 | Depths:5 | Noticed Frederick
 55362 | Depths:5 | Killed Frederick
 55367 | Depths:5 | X - a +4 eveningstar {macerare=g}
 55563 | Depths:5 | Received a gift from Trog
 55735 | Depths:5 | Found a gate to the Realm of Zot.
 55835 | Depths:4 | You drop a +4 eveningstar {macerare=g}.
 55937 | Depths:5 | Upgraded the game from 0.27-a0-1502-g47ed6a6988 to
                  | 0.27-a0-1513-g2aaa0cc67b
 55937 | Depths:5 | magus.rc [v1.9.6]
 56764 | Vaults:5 | Entered Level 5 of the Vaults
 56783 | Vaults:5 | Reached skill level 15 in Fighting
 56874 | Vaults:5 | Received a gift from Trog
 56876 | Vaults:5 | quicksilver dragon scales {rare}; a quicksilver dragon
                  | corpse
 56887 | Vaults:5 | Noticed Bai Suzhen
 56893 | Vaults:5 | quicksilver dragon scales {rare}; a quicksilver dragon
                  | corpse
 56913 | Vaults:5 | Killed Bai Suzhen
 57187 | Vaults:5 | Noticed a dread lich
 57199 | Vaults:5 | Killed a dread lich
 57200 | Vaults:5 | Reached skill level 23 in Unarmed Combat
 57200 | Vaults:5 | Reached XP level 26. HP: 141/141 MP: 24/24
 57403 | Vaults:5 | Identified the ring "Patasuas" {rN+ Str+6}
 57406 | Vaults:5 | Identified +0 gold dragon scales
 57413 | Vaults:5 | +0 gold dragon scales {rare}; a golden dragon corpse
 57436 | Vaults:5 | Identified the +7 flail "Mevocvuc" {vorpal, rCorr Dex+7
                  | SInv Stlth-}
 57443 | Vaults:5 | +0 shadow dragon scales {rare}; a shadow dragon corpse
 57451 | Vaults:5 | +0 shadow dragon scales {rare}; a shadow dragon corpse
 57523 | Vaults:5 | You pick up a book of Burglary {forbidden} and begin
                  | reading...
 57539 | Vaults:5 | Identified +0 gold dragon scales
 57541 | Vaults:5 | +0 gold dragon scales {rare}; a golden dragon corpse
 57542 | Vaults:5 | y - a +2 double sword of holy wrath {longrare=g}
 57560 | Vaults:5 | +0 shadow dragon scales {rare}; a shadow dragon corpse
 57618 | Vaults:5 | Reached skill level 16 in Fighting
 57706 | Vaults:5 | Received a gift from Trog
 57721 | Vaults:5 | Got a silver rune of Zot
 57731 | Vaults:5 | You pick up a book of Blasting {forbidden} and begin
                  | reading...
 57814 | Vaults:4 | You drop a +2 double sword of holy wrath {longrare=g}.
 57876 | Vaults:5 | Acquired a manual of Armour
 57877 | Vaults:5 | Noticed an ancient lich
 57889 | Vaults:5 | Killed an ancient lich
 58097 | Vaults:5 | Got the Tome of the Well-Known Stories {forbidden}
 58103 | Vaults:5 | Identified the +1 ice dragon scales of Poazol {rF- rC++
                  | Regen+ rCorr}
 58111 | Vaults:5 | Reached skill level 17 in Armour
 58135 | Vaults:5 | Noticed an ancient lich
 58144 | Vaults:5 | Killed an ancient lich
 58178 | Vaults:5 | You pick up a book of Misfortune {forbidden} and begin
                  | reading...
 58178 | Vaults:5 | You add the spells Slow and Confusing Touch to your
                  | library.
 58225 | Vaults:5 | Found Baozok's Armour Emporium.
 58245 | Vaults:5 | You pick up a book of Changes {forbidden} and begin
                  | reading...
 58367 | Vaults:5 | Identified a +0 robe of the Archmagi
 58389 | Vaults:5 | a yaktaur captain comes into view. It is wielding a +0
                  | trident and wearing the +4 robe of Augmentation {Str+4
                  | Int+4 Dex+4}.
 58478 | Vaults:5 | Noticed an ancient lich
 58496 | Vaults:5 | Killed an ancient lich
 58585 | Vaults:5 | You add the spells Iskenderun's Battlesphere and
                  | Necromutation to your library.
 58585 | Vaults:5 | Got Kepeigg's Volume of Mutagenic Attacks {forbidden}
 58755 | Vaults:5 | You add the spells Tukima's Dance and Portal Projectile to
                  | your library.
 58755 | Vaults:5 | Got Ikacoxzue's Volume of Fiery Beguiling {forbidden}
 58756 | Vaults:5 | magus.rc [v1.9.6]
 59102 | Zot:1    | Entered Level 1 of the Realm of Zot
 59156 | Zot:1    | Reached skill level 17 in Fighting
 59292 | Zot:1    | Reached skill level 24 in Unarmed Combat
 59292 | Zot:1    | Reached XP level 27. HP: 149/149 MP: 24/24
 59461 | Zot:1    | quicksilver dragon scales {rare}; a quicksilver dragon
                  | corpse
 59539 | Zot:1    | Reached skill level 22 in Shields
 59762 | Zot:1    | Identified the +0 cloak of Peek-a-Boo {rF- rCorr Dex+6}
 59875 | Zot:1    | Identified the +4 shortbow "Awatus" {vorpal, Fragile rC+
                  | Will+}
 59955 | Zot:2    | HP: 43/225 [golden dragon (24)]
 59955 | Zot:2    | HP: 21/225 [golden dragon (7)]
 59960 | Zot:2    | HP: 12/225 [golden dragon (7)]
 59964 | Zot:2    | Received a gift from Trog
 59965 | Zot:2    | HP: 14/225 [black draconian knight/bolt of lightning (2)]
 60211 | Zot:2    | You pick up a book of Iron {forbidden} and begin reading...
 60230 | Zot:2    | Noticed a curse toe
 60239 | Zot:2    | Killed a curse toe
 60259 | Zot:2    | Noticed an electric golem
 60261 | Zot:2    | Noticed a dread lich
 60268 | Zot:2    | Noticed bilbop's ghost (master KoSu)
 60271 | Zot:2    | Found a transporter.
 60282 | Zot:2    | Found a transporter.
 60282 | Zot:2    | Noticed an ancient lich
 60316 | Zot:2    | Reached skill level 18 in Armour
 60538 | Zot:3    | You are sucked into a shaft and drop 1 floor!
 60590 | Zot:4    | Noticed a curse toe
 60613 | Zot:3    | HP: 28/135 [green draconian (11)]
 60618 | Zot:3    | HP: 32/135 [poisoned by a green draconian]
 60623 | Zot:3    | HP: 30/136 [poisoned by a green draconian]
 60834 | Zot:3    | HP: 54/217 [poisoned by a purple draconian annihilator
                  | (poison arrow)]
 60839 | Zot:3    | HP: 52/220 [poisoned by a purple draconian annihilator
                  | (poison arrow)]
 60844 | Zot:3    | HP: 35/148 [poisoned by a purple draconian annihilator
                  | (poison arrow)]
 61160 | Zot:3    | Identified the +9 dagger of Sudden Death {vorpal, rCorr
                  | Str+4} (Trog gifted it to you on level 3 of the Realm of
                  | Zot)
 61160 | Zot:3    | Received a gift from Trog
 62084 | Zot:3    | Reached skill level 25 in Unarmed Combat
 62213 | Zot:5    | Entered Level 5 of the Realm of Zot
 62305 | Zot:4    | Noticed an orb of fire
 62320 | Zot:4    | Noticed a dread lich
 62387 | Zot:4    | Reached skill level 18 in Fighting
 62428 | Zot:4    | Killed a curse toe
 62450 | Zot:4    | Found a transporter.
 62451 | Zot:4    | Found a radiant altar of Vehumet.
 62459 | Zot:4    | Noticed a dread lich
 62554 | Zot:4    | +0 storm dragon scales {rare}; a storm dragon corpse
 62654 | Zot:4    | +0 storm dragon scales {rare}; a storm dragon corpse
 62917 | Zot:5    | Received a gift from Trog
 62975 | Zot:5    | Noticed a curse toe
 62984 | Zot:5    | HP: 33/151 [??? (19)]
 62987 | Zot:5    | Killed a curse toe
 62988 | Zot:5    | Reached skill level 19 in Armour
 63222 | Zot:5    | magus.rc [v1.9.6]
 63557 | Zot:5    | Noticed an orb of fire
 63558 | Zot:5    | Gained mutation: You are frail. (-10% HP) [an orb of fire]
 63651 | Zot:5    | Noticed an orb of fire
 63660 | Zot:5    | Noticed an orb of fire
 63662 | Zot:5    | Killed an orb of fire
 63666 | Zot:5    | Gained mutation: You are very frail. (-20% HP) [an orb of
                  | fire]
 63670 | Zot:5    | Gained mutation: Armour fits poorly on your strangely
                  | shaped body. [an orb of fire]
 63671 | Zot:5    | Noticed an orb of fire
 63673 | Zot:5    | HP: 17/121 [orb of fire/fireball (28)]
 63673 | Zot:5    | HP: 5/121 [golden dragon/bolt of fire (12)]
 63673 | Zot:5    | Gained mutation: You are occasionally teleported next to
                  | monsters. [an orb of fire]
 63674 | Zot:5    | Gained mutation: You are extremely frail. (-30% HP) [an orb
                  | of fire]
 63674 | Zot:5    | Gained mutation: Your body sometimes deteriorates upon
                  | taking damage. [an orb of fire]
 63675 | Zot:5    | HP: 2/106 [orb of fire/fireball (10)]
 63675 | Zot:5    | Killed from afar by an orb of fire

Vanquished Creatures
  3 ancient liches (Vaults:5)
  A dread lich (Vaults:5)
  An orb of fire (Zot:5)
  Mennas (Depths:3)
  Sojobo (Depths:3)
  A Killer Klown (Zot:3)
  Frederick (Depths:5)
  A caustic shrike (Depths:1)
  Xtahua (Depths:2)
  3 curse toes
  5 golden dragons
  A bone dragon (Depths:5)
  Jorgrun (Elf:2)
  3 liches
  17 tentacled monstrosities
  2 hellephants (Depths:1)
  5 deep elf blademasters
  10 Orb Guardians (Zot:5)
  7 quicksilver dragons
  4 deep elf master archers (Elf:3)
  6 titans
  6 death cobs
  5 sphinxes
  11 shadow dragons
  Donald (Elf:3)
  10 draconian monks
  3 thorn hunters
  7 storm dragons
  9 tengu reavers
  Agnes (D:14)
  5 fenstrider witches
  7 nagarajas
  10 fire giants
  11 deep elf sorcerers
  2 orc warlords
  15 frost giants
  10 vault wardens
  Louise (Swamp:3)
  A ghost moth (Zot:4)
  A frost giant (shapeshifter) (Vaults:5)
  4 draconian scorchers
  2 iron dragons
  8 draconian knights
  Aizul (Vaults:1)
  A ghoul (Swamp:4)
  4 deep elf elementalists (Elf:3)
  5 draconian annihilators
  18 ironbound preservers
  A draconian stormcaller (Zot:4)
  4 draconian shifters
  A reaper (Swamp:4)
  23 very ugly things
  A war gargoyle (Vaults:5)
  17 stone giants
  The ghost of pigah the Eclecticist, a journeyman OpWn of Sif Muna (Lair:6)
  4 deep elf demonologists
  11 green draconians
  2 vampire knights
  10 black draconians
  A juggernaut skeleton (Depths:3)
  An entropy weaver (Vaults:1)
  Azrael (D:14)
  6 dire elephants
  5 bunyips
  A minotaur (Gauntlet)
  10 purple draconians
  6 red draconians
  11 yellow draconians
  7 spark wasps
  6 deep elf annihilators
  2 white draconians (Zot:3)
  A spark wasp (shapeshifter) (Depths:3)
  8 deep elf death magi
  5 fire dragons
  A blizzard demon (Swamp:4)
  16 ettins
  Josephine (Orc:1)
  A shambling mangrove (Swamp:4)
  4 eleionomae
  17 yaktaur captains
  5 deep elf high priests
  6 ironbound thunderhulks
  3 rakshasas
  40 vault guards
  A hell beast (Depths:2)
  13 naga warriors
  11 ice dragons
  13 great orbs of eyes
  4 salamander tyrants
  5 boulder beetles
  2 spriggan air magi
  3 ogre magi
  7 ghost crabs
  19 centaur warriors
  10 ironbound frosthearts
  A merfolk avatar (Lair:6)
  22 hydras
  3 death knights
  5 anacondas
  14 dancing weapons
  8 two-headed ogres
  15 alligators
  5 death yaks (Lair:5)
  A catoblepas (Lair:1)
  The ghost of ThrustWizard the Nimble, a novice GnMo of Makhleb (D:8)
  10 deep troll earth magi
  3 deep troll shamans
  6 hell hogs
  10 tengu warriors
  An orc high priest (Orc:2)
  2 vampire magi
  17 naga sharpshooters
  7 ironbound beastmasters
  A shock serpent (shapeshifter) (Depths:5)
  Urug (Lair:5)
  4 spriggan berserkers
  7 shock serpents
  10 deep elf knights
  3 sun demons (Depths:2)
  2 soul eaters (Depths:2)
  9 hell knights
  The ghost of Wyvernaa the Unseen, a journeyman FeFi of Elyvilon (Lair:5)
  4 sixfirhies (Swamp:4)
  A skeletal warrior (D:12)
  7 salamander mystics
  A sea snake (Lair:6)
  2 death drakes (Swamp:3)
  3 goliath frogs
  9 iron trolls
  6 spriggan druids
  68 deep trolls
  A sea snake (shapeshifter) (D:15)
  8 naga ritualists
  5 swamp dragons
  4 glowing orange brains
  8 bog bodies
  A golden dragon zombie (Depths:3)
  12 lindwurms
  13 wizards
  6 phantasmal warriors
  6 necromancers
  5 harpies
  10 deep elf archers
  A lindwurm (shapeshifter) (Depths:4)
  20 deep elf zephyrmancers
  11 deep elf pyromancers
  5 orc knights
  12 mana vipers
  A wolf spider (shapeshifter) (Vaults:5)
  27 ironbound convokers
  4 manticores
  5 will-o-the-wisps
  6 orc sorcerers
  2 oklob plants (Lair:4)
  A faun (shapeshifter) (Vaults:5)
  2 shining eyes (Depths:4)
  26 salamanders
  4 cyclopes
  A salamander (shapeshifter) (Elf:2)
  68 ugly things
  A moth of wrath (shapeshifter) (Vaults:5)
  16 elephants
  4 guardian serpents
  24 moths of wrath
  2 frost giant skeletons
  23 naga magi
  22 vault sentinels
  37 black mambas
  A black mamba (shapeshifter) (D:15)
  Joseph (D:9)
  2 eyes of devastation (Gauntlet)
  14 cane toads
  A cane toad (shapeshifter) (D:15)
  A gargoyle (D:12)
  4 orange demons (Swamp:4)
  6 rime drakes
  14 komodo dragons
  2 freezing wraiths
  19 yaktaurs
  A hellwing (Swamp:4)
  2 kobold demonologists
  A red devil (Depths:3)
  3 tengu conjurers
  A bloated husk (Swamp:1)
  A troll (shapeshifter) (Elf:1)
  7 tyrant leeches
  A jumping spider (shapeshifter) (Depths:5)
  7 polar bears
  8 trolls
  A wolf spider simulacrum (D:15)
  2 raiju (shapeshifter)
  10 hornets
  32 blink frogs
  25 slime creatures
  A dream sheep (shapeshifter) (Depths:4)
  7 dream sheep
  3 air elementals
  12 flying skulls (Gauntlet)
  3 shadows
  6 water elementals
  5 wyverns
  8 wraiths
  Sigmund (D:3)
  14 spriggans
  20 yaks
  A wyvern (shapeshifter) (Depths:4)
  A steam dragon (D:9)
  5 basilisks
  An elf skeleton (Vaults:1)
  2 golden eyes (Gauntlet)
  5 fire elementals
  3 chaos spawn (Swamp:4)
  16 vampire mosquitoes
  20 water moccasins
  4 wargs
  63 nagas
  18 swamp worms
  An acid dragon (D:13)
  3 floating eyes
  4 hell hounds (D:14)
  An ice beast (D:5)
  43 orc warriors
  6 swamp drakes
  A sky beast (D:6)
  5 black bears
  An orc zombie (Vaults:1)
  A boggart (Lair:5)
  4 necrophages
  9 ogres
  34 wolves
  9 centaurs
  7 kobold brigands (D:8)
  18 bullfrogs
  An earth elemental (Elf:1)
  3 scorpions
  A wyvern zombie (D:6)
  2 gnoll sergeants
  A wyvern skeleton (D:7)
  4 killer bees (D:7)
  3 howler monkeys (D:12)
  2 centaur zombies
  3 hounds
  4 jellies (D:12)
  Crazy Yiuf (D:7)
  24 orc priests
  2 iguanas
  25 orc wizards
  2 hound skeletons
  Robin (D:2)
  A howler monkey zombie (D:9)
  4 gnolls (D:10)
  7 adders
  A shadow imp (D:7)
  A white imp (D:7)
  An ufetubus (D:5)
  An adder skeleton (D:4)
  A worm (D:3)
  2 dart slugs
  99 orcs
  8 bats
  25 endoplasms
  6 giant cockroaches
  19 goblins
  6 hobgoblins
  10 jackals
  5 kobolds
  4 quokkas
  9 ball pythons
  A frilled lizard (D:1)
  6 rats
2065 creatures vanquished.

Vanquished Creatures (collateral kills)
  A Killer Klown (Zot:5)
  Bai Suzhen (Vaults:5)
  A hellephant (Depths:1)
  Rupert (D:14)
  A titan (Vaults:5)
  A tengu reaver (Vaults:5)
  A storm dragon (Zot:2)
  A draconian knight (Zot:5)
  A black draconian (Zot:5)
  A white draconian (Zot:2)
  A yellow draconian (Zot:2)
  A purple draconian (Zot:2)
  A deep elf high priest (Elf:3)
  2 vault guards
  3 hell hogs (Depths:1)
  A naga sharpshooter (Snake:4)
  3 hell knights (Depths:2)
  A deep troll (Vaults:4)
  An ironbound convoker (Vaults:4)
  A guardian serpent (Snake:4)
  2 naga magi (Snake:4)
  2 nagas (Snake:4)
  2 orc warriors (Vaults:1)
31 creatures vanquished.

Vanquished Creatures (others)
  A golden dragon (Zot:2)
  A draconian annihilator (Zot:5)
  A black draconian (Zot:5)
  2 hell hogs
  2 deep elf knights (Elf:1)
  A bloated husk (Swamp:3)
  A slime creature (D:15)
  A water elemental (Elf:1)
  A naga (Lair:4)
  2 orcs
  20 foxfires (Swamp:3)
  67 fungi
  188 plants
  2 withered plants (Lair:6)
290 creatures vanquished.

Grand Total: 2386 creatures vanquished

Table legend:
 A = Non-vault XP
 B = Vault XP
 C = Vault XP percentage of total XP
 D = Non-vault monster count
 E = Vault monster count
 F = Vault count percentage of total count
                 A         B        C        D         E       F
            +---------+---------+-------+---------+---------+-------
      Total |  810397 |  704635 |  46.5 |    1292 |     813 |  38.6
            +---------+---------+-------+---------+---------+-------
        D:1 |      41 |       0 |   0.0 |      23 |       0 |   0.0
        D:2 |      42 |      37 |  46.8 |      25 |      12 |  32.4
        D:3 |      52 |     212 |  80.3 |      13 |       1 |   7.1
        D:4 |     181 |       0 |   0.0 |      21 |       0 |   0.0
        D:5 |     422 |       0 |   0.0 |      11 |       0 |   0.0
        D:6 |    1106 |     225 |  16.9 |      17 |       2 |  10.5
        D:7 |     726 |      41 |   5.3 |      11 |       1 |   8.3
        D:8 |     304 |    3240 |  91.4 |       7 |      19 |  73.1
        D:9 |    3243 |    2039 |  38.6 |      15 |       8 |  34.8
       D:10 |    2844 |    2504 |  46.8 |      18 |       4 |  18.2
       D:11 |    3425 |    4416 |  56.3 |      14 |       6 |  30.0
       D:12 |    7988 |    1994 |  20.0 |      21 |      24 |  53.3
       D:13 |    6595 |    2968 |  31.0 |      18 |       7 |  28.0
       D:14 |   10415 |    6168 |  37.2 |      17 |       9 |  34.6
       D:15 |   14451 |    5115 |  26.1 |      27 |       9 |  25.0
     Lair:1 |    7763 |     943 |  10.8 |      31 |       1 |   3.1
     Lair:2 |    5184 |      90 |   1.7 |      19 |       1 |   5.0
     Lair:3 |    7166 |    1624 |  18.5 |      23 |       6 |  20.7
     Lair:4 |    4937 |    3558 |  41.9 |      14 |      13 |  48.1
     Lair:5 |   16757 |    5619 |  25.1 |      42 |      16 |  27.6
     Lair:6 |    9153 |   13561 |  59.7 |      24 |      32 |  57.1
    Swamp:1 |   11348 |       0 |   0.0 |      18 |       0 |   0.0
    Swamp:2 |   12558 |    4964 |  28.3 |      19 |       4 |  17.4
    Swamp:3 |   16606 |   12642 |  43.2 |      35 |      16 |  31.4
    Swamp:4 |   15211 |   36930 |  70.8 |      22 |      39 |  63.9
    Snake:1 |   10945 |    1068 |   8.9 |      25 |       2 |   7.4
    Snake:2 |   21531 |       0 |   0.0 |      43 |       0 |   0.0
    Snake:3 |   29344 |    3438 |  10.5 |      56 |       5 |   8.2
    Snake:4 |   27762 |   27343 |  49.6 |      61 |      38 |  38.4
      Orc:1 |    1007 |    1080 |  51.7 |      27 |       1 |   3.6
      Orc:2 |    3504 |    6839 |  66.1 |      40 |      69 |  63.3
      Elf:1 |   19927 |   15067 |  43.1 |      31 |      15 |  32.6
      Elf:2 |    8239 |    8226 |  50.0 |      12 |       7 |  36.8
      Elf:3 |   11390 |   47900 |  80.8 |      17 |      32 |  65.3
   Vaults:1 |   19698 |   34589 |  63.7 |      29 |      62 |  68.1
   Vaults:2 |   20678 |   42599 |  67.3 |      27 |      56 |  67.5
   Vaults:3 |   34178 |   16949 |  33.2 |      48 |      20 |  29.4
   Vaults:4 |   35183 |   16291 |  31.6 |      44 |      21 |  32.3
   Vaults:5 |   21633 |  154671 |  87.7 |      29 |      89 |  75.4
   Depths:1 |   31513 |   25096 |  44.3 |      31 |      17 |  35.4
   Depths:2 |   34713 |   31601 |  47.7 |      29 |      30 |  50.8
   Depths:3 |   22934 |   47623 |  67.5 |      27 |      24 |  47.1
   Depths:4 |   41611 |   16960 |  29.0 |      42 |      13 |  23.6
   Depths:5 |   32997 |   30651 |  48.2 |      32 |      18 |  36.0
      Zot:1 |   44970 |       0 |   0.0 |      28 |       0 |   0.0
      Zot:2 |   39740 |       0 |   0.0 |      23 |       0 |   0.0
      Zot:3 |   62355 |   12910 |  17.2 |      41 |      10 |  19.6
      Zot:4 |   53139 |       0 |   0.0 |      30 |       0 |   0.0
      Zot:5 |   22888 |   45630 |  66.6 |      15 |      14 |  48.3
     Bailey |       0 |     174 | 100.0 |       0 |      12 | 100.0
   Gauntlet |       0 |    9040 | 100.0 |       0 |      28 | 100.0
            +---------+---------+-------+---------+---------+-------

Illustrated notes

Table legend:
 A = Kills in this place as a percentage of kills in entire the game.
 B = Kills by you in this place as a percentage of kills by you in the entire game.
 C = Kills by friends in this place as a percentage of kills by friends in the entire game.
 D = Other kills in this place as a percentage of other kills in the entire game.
 E = Experience gained in this place as a percentage of experience gained in the entire game.
 F = Experience gained in this place divided by the number of levels of this place that you have seen.
                   A       B       C       D       E      F
               +-------+-------+-------+-------+-------+----------------------
         Total | 100.0 | 100.0 | 100.0 | 100.0 | 100.0 | 29706.5
       Dungeon |  17.1 |  17.3 |   6.5 |  11.1 |   5.3 | 5386.3
          Lair |  10.5 |  10.7 |   0.0 |  11.1 |   5.0 | 12725.8
         Swamp |   7.3 |   7.4 |   0.0 |   0.0 |   7.3 | 27564.8
     Snake Pit |  10.9 |  10.8 |  19.4 |   0.0 |   8.0 | 30357.8
  Orcish Mines |   6.5 |   6.6 |   0.0 |   0.0 |   0.8 | 6215.0
   Elven Halls |   5.4 |   5.4 |   3.2 |  22.2 |   7.3 | 36916.3
        Vaults |  20.2 |  20.2 |  25.8 |   0.0 |  26.2 | 79293.8
        Depths |  12.5 |  12.3 |  22.6 |  22.2 |  20.8 | 63139.8
           Zot |   7.6 |   7.3 |  22.6 |  33.3 |  18.6 | 56326.4
        Bailey |   0.6 |   0.6 |   0.0 |   0.0 |   0.0 | 174.0
      Gauntlet |   1.3 |   1.4 |   0.0 |   0.0 |   0.6 | 9040.0
               +-------+-------+-------+-------+-------+----------------------

Table legend: (Time is in decaauts)
 A = Elapsed time spent in this place.
 B = Non-inter-level travel time spent in this place.
 C = Inter-level travel time spent in this place.
 D = Time resting spent in this place.
 E = Time spent auto-exploring this place.
 F = Levels seen in this place.
 G = Mean time per level.
                   A        B        C        D        E       F      G
               +--------+--------+--------+--------+--------+-----+--------+
         Total |  63962 |  55774 |   8188 |  11335 |  29106 |  51 | 1254.2 |
       Dungeon |  18507 |  15020 |   3487 |   3033 |   8931 |  15 | 1233.8 |
          Lair |   7174 |   5984 |   1190 |    472 |   3991 |   6 | 1195.7 |
         Swamp |   2713 |   2528 |    185 |    179 |   1614 |   4 |  678.2 |
     Snake Pit |   5594 |   5286 |    308 |   1287 |   2318 |   4 | 1398.5 |
  Orcish Mines |   2098 |   1761 |    337 |    150 |   1091 |   2 | 1049.0 |
   Elven Halls |   5733 |   4795 |    938 |   1383 |   2022 |   3 | 1911.0 |
        Vaults |   8700 |   7995 |    705 |   1487 |   3892 |   5 | 1740.0 |
        Depths |   7607 |   6806 |    801 |   1472 |   3423 |   5 | 1521.4 |
           Zot |   4426 |   4193 |    233 |   1190 |   1813 |   5 |  885.2 |
        Bailey |    579 |    579 |      0 |    280 |      9 |   1 |  579.0 |
      Gauntlet |    828 |    828 |      0 |    398 |      0 |   1 |  828.0 |
               +--------+--------+--------+--------+--------+-----+--------+

Top non-repeatable levels by time:
Vaults:2: 2089 daAuts
 Snake:4: 2057 daAuts
   Elf:3: 2047 daAuts
Vaults:1: 1920 daAuts
   Elf:1: 1911 daAuts
Vaults:5: 1880 daAuts
 Snake:3: 1820 daAuts
Depths:3: 1791 daAuts
    D:15: 1789 daAuts
   Elf:2: 1775 daAuts
Depths:1: 1736 daAuts
Depths:2: 1653 daAuts
Vaults:3: 1538 daAuts
   Orc:2: 1485 daAuts
   Zot:3: 1470 daAuts
